 Dungeon Crawl Stone Soup version 0.28-a0-932-g843f935a50 (webtiles) character file.

Game seed: 14233749728241343861

137298 frimble the Thrower (level 16, -1/165 HPs)
             Began as a Troll Warper on Nov 28, 2021.
             Was the Champion of Cheibriados.
             Slain by a ghost moth (6 damage)
             ... on level 3 of the Spider Nest.
             The game lasted 00:45:58 (26806 turns).

frimble the Thrower (Troll Warper)                 Turns: 26806, Time: 00:45:59

Health: -1/165     AC: 13    Str: 41 (42) XL:     16   Next: 68%
Magic:  0/21       EV: 15    Int: 27 (29) God:    Cheibriados [******]
Gold:   2232       SH: 12    Dex: 22 (24) Spells: 11/17 levels left

rFire   + + .      SeeInvis .     - Unarmed
rCold   + . .      Faith    .   n - +0 kite shield
rNeg    . . .      Spirit   .   U - +4 troll leather armour
rPois   +          Reflect  .   (helmet restricted)
rElec   .          Harm     .   p - +2 cloak
rCorr   .          Rampage  .   (gloves unavailable)
Will    +....                   (boots unavailable)
Stlth   ++........              Q - amulet of the Vendetta {rF+ Regen+ Dex+5 Slay+3}
HPRegen 2.77/turn               y - ring of Hievaoru {rF+ rC+ Str+4 Dex-5}
MPRegen 0.17/turn               G - ring of poison resistance

@: very slow
A: large, unfitting armour, claws 3, regeneration 1, shaggy fur 1, tough skin 1,
sense surroundings 1
a: Renounce Religion, Bend Time, Temporal Distortion, Slouch, Step From Time


You were on level 3 of the Spider Nest.
You worshipped Cheibriados.
Cheibriados was exalted by your worship.
You visited 5 branches of the dungeon, and saw 27 of its levels.
You visited the Abyss 1 time.
You also visited: Sewer and Ice Cave.

You collected 2532 gold pieces.
You spent 300 gold pieces at shops.

Inventory:

Missiles
 c - 8 boomerangs of dispersal
 k - 17 boomerangs
 v - 2 throwing nets
 F - 39 large rocks
 H - 5 javelins (quivered)
 L - 4 silver javelins
 V - 4 silver boomerangs
Armour
 n - a +0 kite shield (worn)
 p - a +2 cloak (worn)
 U - a +4 troll leather armour (worn)
Jewellery
 a - a +4 ring of evasion
 j - a ring of flight
 s - a ring of willpower
 u - a ring of willpower
 y - the ring of Hievaoru (left claw) {rF+ rC+ Str+4 Dex-5}
   (You found it in an ice cave)

   [ring of protection from cold]

   Str:       It affects your strength (+4).
   Dex:       It affects your dexterity (-5).
   rF:        It protects you from fire.
   rC:        It protects you from cold.
 D - a +4 ring of evasion
 E - a +6 ring of intelligence
 G - a ring of poison resistance (right claw)
 M - a ring of protection from cold
 N - the ring "Ecimaybe" {Fly rElec rF+ MP+9 Int+2}
   (You found it on level 2 of the Lair of Beasts)

   [ring of protection from fire]

   Int:       It affects your intelligence (+2).
   rF:        It protects you from fire.
   rElec:     It insulates you from electricity.
   MP:        It affects your magic capacity (+9).
   Fly:       It grants you flight.
 Q - the amulet of the Vendetta (around neck) {rF+ Regen+ Dex+5 Slay+3}
   (You found it on level 4 of the Lair of Beasts)

   [amulet of regeneration]

   Dex:       It affects your dexterity (+5).
   Slay:      It affects your accuracy & damage with ranged weapons and melee
   (+3).
   rF:        It protects you from fire.
   Regen:     It increases your rate of health regeneration.
Wands
 e - a wand of charming (7)
 g - a wand of flame (49)
 m - a wand of digging (3)
 q - a wand of mindburst (15)
 C - a wand of paralysis (23)
 I - a wand of iceblast (2)
Scrolls
 b - 5 scrolls of blinking
 d - 5 scrolls of amnesia
 t - 14 scrolls of teleportation
 J - 6 scrolls of identify
 K - 3 scrolls of magic mapping
 O - 2 scrolls of fog
 S - a scroll of holy word
Potions
 f - 8 potions of haste
 h - 6 potions of attraction
 i - 7 potions of resistance
 l - 8 potions of curing
 o - a potion of cancellation
 r - 4 potions of magic
 w - 2 potions of invisibility
 x - a potion of mutation
 z - 7 potions of might
 A - 3 potions of heal wounds
 B - 2 potions of brilliance
 P - 5 potions of ambrosia
 T - a potion of flight
Miscellaneous
 R - a phantom mirror
 W - a condenser vane


   Skills:
 + Level 11.8 Fighting
 + Level 12.3 Throwing
 + Level 8.8 Dodging
 - Level 8.0 Shields
 - Level 11.0 Unarmed Combat
 - Level 1.2 Spellcasting
 - Level 7.0 Translocations
 + Level 9.3 Invocations
 + Level 9.2 Evocations


You had 11 spell levels left.
You knew the following spells:

 Your Spells              Type           Power      Damage    Failure   Level
a - Blink                 Tloc           78%        N/A       1%          2
b - Passage of Golubria   Tloc           39%        N/A       9%          4

Your spell library contained the following spells:

 Spells                   Type           Power      Damage    Failure   Level
 Gell's Gravitas          Tloc           39%        N/A       2%          3
 Lesser Beckoning         Tloc           39%        N/A       2%          3
 Teleport Other           Tloc           39%        N/A       2%          3
 Animate Skeleton         Necr           2%         N/A       14%         1
 Pain                     Necr           4%         1d4       14%         1
 Sting                    Tmut/Pois      4%         1d3       14%         1
 Ensorcelled Hibernation  Hex/Ice        2%         N/A       22%         2
 Poisonous Vapours        Pois/Air       2%         N/A       22%         2
 Scorch                   Fire           2%         2d5       22%         2
 Static Discharge         Conj/Air       1%         N/A       22%         2
 Manifold Assault         Tloc           39%        N/A       22%         5
 Spider Form              Tmut/Pois      1%         N/A       41%         3
 Tukima's Dance           Hex            1%         N/A       41%         3
 Vampiric Draining        Necr           1%         2d6       41%         3
 Dispersal                Tloc           19%        N/A       77%         6
 Flame Wave               Conj/Fire      1%         3d3       82%         4
 Olgreb's Toxic Radiance  Pois           1%         N/A       82%         4
 Summon Ice Beast         Ice/Summ       1%         N/A       82%         4
 Lightning Bolt           Conj/Air       0%         1d11      99%         5
 Summon Mana Viper        Hex/Summ       1%         N/A       99%         5
 Yara's Violent Unravell  Hex/Tmut       0%         3d3       99%         5
 Summon Cactus Giant      Summ           0%         N/A       100%        6
 Monstrous Menagerie      Summ           0%         N/A       100%        7
 Maxwell's Capacitive Co  Air            0%         ∞         100%        8


Dungeon Overview and Level Annotations

Branches:
Dungeon (15/15)            Temple (1/1) D:6            Lair (6/6) D:11
  Swamp (0/4) Lair:4       Spider (3/4) Lair:3          Orc (2/2) D:9
    Elf (0/3) Orc:2        Vaults (0/5) D:14         Depths (0/4) D:15
  Sewer (visited)           IceCv (visited)
  Slime: Lair:5-6

Altars:
Ashenzari
Cheibriados
Dithmenos
Elyvilon
Fedhas
Gozag
Hepliaklqana
Kikubaaqudgha
Makhleb
Nemelex Xobeh
Okawaru
Qazlal
Ru
Sif Muna
Trog
Uskayaw
Vehumet
Wu Jian
Xom
Yredelemnul
Zin
The Shining One
Beogh

Shops:
D:5 (   D:7 ?   Orc:1 (   Orc:2 [![?

Annotations:
D:12 2 transporters, sirJeffrey23's ghost, journeyman DsMo
Lair:5 exclusion: oklob plant


Innate Abilities, Weirdness & Mutations

You are too large for most types of armour.
You have claws for hands.
Your natural rate of healing is unusually fast.
You are covered in fur. (AC +1)
You have tough skin. (AC +1)
You passively map a small area around you.


Message History

You feel very sick.
You feel you are being watched by something.
You block something's attack. Something hits you.
* * * LOW HITPOINT WARNING * * *
You feel weakened.
Something stings you but does no damage.
You claw something!
You feel very sick.
You scratch something.
You feel very sick.
You feel you are being watched by something.
You feel your power leaking away. Something hits you but does no damage.
Something hits you.
* * * LOW HITPOINT WARNING * * *
Something stings you but does no damage.
You scratch something but do no damage.
You feel very sick.
You feel you are being watched by something.
Something hits you!
* * * LOW HITPOINT WARNING * * *
You feel clumsy. Something hits you but does no damage. Something stings you.
* * * LOW HITPOINT WARNING * * *
You are lethally poisoned!
Something poisons you!
You claw something!
* * * LOW HITPOINT WARNING * * *
You feel extremely sick.
You feel you are being watched by something.
Something completely misses you. Something hits you.
* * * LOW HITPOINT WARNING * * *
Something stings you but does no damage.
You feel better.
You feel you are being watched by something.
Something hits you.
* * * LOW HITPOINT WARNING * * *
Something hits you.
* * * LOW HITPOINT WARNING * * *
You block something's attack. Something hits you.
You die...

#..#..,,≈ , #...., ≈
* * ########... * *
..........# *
....##..#.## , ≈ ,,
##....#.^..## , , > ,
#...).......## , , *
,* .......†..#{.## ^
* * , *
....###...#@..######.
, *#
###.###.#.......... *
*##.....#####...##...
#.<.#..#.#....##
#...##.<....### *
####††^#...^..##, ,
*##..^†.##...^.## , *
* ##....###.##.### ,
,, * ^#†††^##....#..#
##. , *


There were no monsters in sight!

Vanquished Creatures
  Arachne (Spider:2)
  Kirke (Lair:4)
  An azure jelly (IceCv)
  2 ghost moths
  An emperor scorpion (Spider:1)
  4 quicksilver oozes (IceCv)
  2 entropy weavers
  A spark wasp (Spider:2)
  The ghost of ders the Geomancer, a journeyman GrEE of Vehumet (Lair:6)
  Snorg (Orc:1)
  A yaktaur captain (D:14)
  A rakshasa (D:14)
  2 boulder beetles
  14 hydras
  2 catoblepae
  3 centaur warriors
  8 two-headed ogres
  3 merfolk aquamancers (D:13)
  14 death yaks
  A deep troll shaman (Lair:6)
  2 tengu warriors
  Urug (D:11)
  5 skeletal warriors
  2 wolf spider zombies (D:15)
  Pikel (D:8)
  12 wolf spiders
  3 wizards
  2 orc knights
  10 orc sorcerers
  A necromancer (D:15)
  7 orb spiders
  4 deep elf pyromancers
  9 cyclopes
  5 ugly things
  2 manticores
  6 black mambas
  14 elephants
  A worldbinder (Abyss:2)
  2 torpor snails
  2 water nymphs (D:13)
  2 gargoyles
  3 ice statues (IceCv)
  16 cane toads
  5 rime drakes
  7 komodo dragons
  2 yaktaurs (D:14)
  3 kobold demonologists
  An entropy weaver simulacrum (IceCv)
  2 unseen horrors
  A tengu conjurer (D:15)
  5 demonic crawlers
  19 jumping spiders
  4 trolls
  An ancient zyme (Abyss:2)
  A harpy skeleton (D:15)
  4 polar bears
  A queen bee (Lair:2)
  5 blink frogs (Lair:6)
  A meliai zombie (D:10)
  8 slime creatures (IceCv)
  8 dream sheep
  2 vampires
  4 wyverns
  A wraith (D:11)
  44 redbacks
  4 water elementals (D:15)
  A shadow (D:12)
  Eustachio (D:3)
  18 tarantellas
  3 hogs (Lair:4)
  A fire elemental (D:14)
  60 yaks
  5 basilisks
  12 vampire mosquitoes
  A steam dragon (D:8)
  11 wargs
  Menkaure (D:4)
  A swamp worm (Lair:4)
  3 acid dragons
  Edmund (D:6)
  4 demonic crawler simulacra (IceCv)
  20 water moccasins
  A sky beast (D:5)
  4 ugly thing simulacra (IceCv)
  A necrophage (D:6)
  3 black bears
  9 orc warriors
  9 wolves
  7 ogres
  3 lemures (D:8)
  9 centaurs
  4 kobold brigands
  8 bullfrogs
  3 scorpions
  2 gnoll sergeants
  2 glowing shapeshifter simulacra (IceCv)
  23 killer bees
  13 wights
  5 howler monkeys
  9 electric eels
  A centaur zombie (D:9)
  A lava snake (D:14)
  4 crimson imps (D:7)
  9 hounds
  A gnoll shaman (D:6)
  4 centaur skeletons
  4 orc priests
  2 iguanas
  Crazy Yiuf (D:4)
  Ijyb (D:5)
  41 orc wizards
  Natasha (thrice) (D:4)
  A killer bee zombie (D:7)
  A hound zombie (D:5)
  A hound skeleton (D:4)
  A howler monkey zombie (D:7)
  11 adders
  18 gnolls
  2 river rats (D:6)
  A shadow imp (D:7)
  2 white imps
  5 worms
  2 dart slugs
  86 orcs
  8 endoplasms
  4 giant cockroaches
  6 goblins
  7 hobgoblins
  15 jackals
  3 quokkas
  8 ball pythons
  5 bats
  11 frilled lizards
  14 kobolds
  3 rats
  A spectral orc (D:3)
855 creatures vanquished.

Vanquished Creatures (others)
  A tengu conjurer (D:15)
  A butterfly (Lair:4)
  23 fungi
  65 plants
90 creatures vanquished.

Grand Total: 945 creatures vanquished

Notes
Turn   | Place    | Note
-------+----------+-------------------------------------------
     0 | D:1      | frimble the Troll Warper began the quest for the Orb.
     0 | D:1      | Reached XP level 1. HP: 19/19 MP: 1/1
    25 | D:1      | Reached skill level 1 in Throwing
    82 | D:1      | Reached XP level 2. HP: 28/28 MP: 2/2
   335 | D:1      | Reached XP level 3. HP: 35/35 MP: 3/3
   553 | D:2      | Learned a level 2 spell: Blink
   647 | D:2      | Reached XP level 4. HP: 42/42 MP: 4/4
   685 | D:2      | Reached skill level 2 in Throwing
   876 | D:2      | Found a faded altar of an unknown god.
   953 | D:2      | Reached XP level 5. HP: 50/50 MP: 5/5
  1709 | D:3      | Found a basalt altar of Yredelemnul.
  2215 | D:4      | Reached XP level 6. HP: 56/59 MP: 6/6
  2235 | D:4      | Noticed Eustachio
  2355 | D:3      | Killed Eustachio
  2356 | D:3      | Reached skill level 3 in Throwing
  2523 | D:4      | Noticed Menkaure
  2526 | D:4      | Killed Menkaure
  2527 | D:4      | Reached XP level 7. HP: 67/67 MP: 7/7
  2621 | D:4      | Found a runed translucent door.
  2622 | D:4      | Noticed Crazy Yiuf
  2806 | D:4      | Noticed Natasha
  2815 | D:4      | Killed Natasha
  2839 | D:4      | Found a white marble altar of Elyvilon.
  2969 | D:4      | Noticed Natasha
  2977 | D:4      | Killed Natasha
  3079 | D:4      | Noticed Natasha
  3085 | D:4      | Killed Natasha
  3194 | D:4      | Killed Crazy Yiuf
  3300 | D:5      | Entered Level 5 of the Dungeon
  3305 | D:5      | Noticed Ijyb
  3367 | D:5      | Killed Ijyb
  3403 | D:5      | Reached skill level 4 in Throwing
  3570 | D:5      | Reached skill level 5 in Unarmed Combat
  3570 | D:5      | Reached XP level 8. HP: 63/78 MP: 8/8
  3641 | D:5      | Reached skill level 1 in Shields
  3759 | D:5      | Found a snail-covered altar of Cheibriados.
  3939 | D:5      | Found a radiant altar of Vehumet.
  4017 | D:5      | Found Ubelasoru's Antique Weapon Boutique.
  4245 | D:6      | Noticed Edmund
  4256 | D:6      | Killed Edmund
  4478 | D:6      | Reached skill level 5 in Fighting
  4524 | D:6      | Reached skill level 5 in Translocations
  4671 | D:6      | Reached XP level 9. HP: 88/88 MP: 9/9
  4682 | D:6      | Found a glowing drain.
  4691 | Sewer    | Entered a sewer
  5788 | D:6      | Found an opulent altar of Gozag.
  5876 | D:6      | Found a staircase to the Ecumenical Temple.
  6141 | D:7      | Found Ruzxioc's Magic Scroll Emporium.
  6801 | D:7      | Found a shimmering altar of Xom.
  6831 | D:7      | Reached skill level 5 in Shields
  7094 | D:8      | Reached XP level 10. HP: 50/96 MP: 4/10
  7309 | D:8      | HP: 4/83 [wight (5)]
  7451 | D:8      | Noticed a two-headed ogre
  7483 | D:8      | Killed a two-headed ogre
  7781 | D:8      | Noticed Pikel
  7826 | D:8      | Killed Pikel
  8122 | D:9      | Found a glowing golden altar of the Shining One.
  8154 | D:9      | Reached skill level 5 in Throwing
  8367 | D:9      | Reached XP level 11. HP: 96/105 MP: 11/11
  8379 | D:9      | Found a staircase to the Orcish Mines.
  8749 | D:10     | Entered Level 10 of the Dungeon
  9064 | D:10     | Noticed a two-headed ogre
  9074 | D:10     | Killed a two-headed ogre
  9075 | D:10     | Reached skill level 1 in Evocations
  9224 | D:10     | Reached skill level 6 in Throwing
  9708 | D:11     | Noticed a two-headed ogre
  9843 | D:11     | Killed a two-headed ogre
  9971 | D:11     | Noticed Urug
 10141 | D:12     | Found a transporter.
 10149 | D:12     | Noticed sirJeffrey23's ghost (journeyman DsMo)
 10150 | D:12     | Noticed a boulder beetle
 10150 | D:12     | Noticed a phantasmal warrior
 10151 | D:12     | Noticed an ice dragon
 10238 | D:12     | Noticed a two-headed ogre
 10246 | D:12     | Killed a two-headed ogre
 10446 | D:12     | Reached skill level 7 in Throwing
 10471 | D:12     | Found a transporter.
 10580 | D:12     | Reached XP level 12. HP: 93/118 MP: 9/12
 10654 | D:12     | Noticed a centaur warrior
 10664 | D:12     | Killed a centaur warrior
 10778 | D:12     | Noticed a two-headed ogre
 10792 | D:12     | Killed a two-headed ogre
 11096 | D:11     | Noticed a two-headed ogre
 11096 | D:11     | Noticed a two-headed ogre
 11153 | D:12     | Killed a two-headed ogre
 11224 | D:12     | Killed a two-headed ogre
 11534 | D:13     | Noticed a merfolk aquamancer
 11535 | D:13     | Noticed a merfolk aquamancer
 11539 | D:13     | Noticed a boulder beetle
 11650 | D:11     | Killed Urug
 11717 | D:11     | Reached skill level 8 in Throwing
 11806 | D:11     | Found a staircase to the Lair.
 11951 | D:11     | Noticed a two-headed ogre
 11958 | D:11     | Killed a two-headed ogre
 12509 | Temple   | Entered the Ecumenical Temple
 12804 | D:5      | Became a worshipper of Cheibriados the Contemplative
 12945 | Lair:1   | Entered Level 1 of the Lair of Beasts
 12959 | Lair:1   | Noticed a seven-headed hydra
 12968 | Lair:1   | Killed a seven-headed hydra
 13015 | Lair:1   | Reached skill level 1 in Invocations
 13194 | Lair:1   | Noticed an eight-headed hydra
 13197 | Lair:1   | Noticed a four-headed hydra
 13198 | Lair:1   | Killed an eight-headed hydra
 13199 | Lair:1   | Reached skill level 10 in Unarmed Combat
 13204 | Lair:1   | Noticed a seven-headed hydra
 13212 | Lair:1   | Killed a four-headed hydra
 13213 | Lair:1   | Reached skill level 5 in Evocations
 13215 | Lair:1   | Killed a seven-headed hydra
 13599 | Lair:1   | Reached * piety under Cheibriados
 13876 | Lair:2   | Reached XP level 13. HP: 128/128 MP: 13/13
 14344 | Lair:2   | Identified the ring "Ecimaybe" {Fly rElec rF+ MP+9 Int+2}
 14354 | Lair:2   | Reached ** piety under Cheibriados
 14567 | Lair:2   | Reached *** piety under Cheibriados
 14711 | Lair:2   | Reached skill level 9 in Throwing
 15397 | Lair:3   | Found a hole to the Spider Nest.
 15775 | Lair:3   | Reached **** piety under Cheibriados
 16915 | Lair:4   | Found a staircase to the Swamp.
 17057 | Lair:4   | Noticed Kirke
 17110 | Lair:4   | Killed Kirke
 17227 | Lair:4   | Identified the amulet of the Vendetta {rF+ Regen+ Dex+5
                  | Slay+3}
 17366 | Lair:4   | Reached XP level 14. HP: 92/140 MP: 10/16
 17889 | Lair:5   | Reached ***** piety under Cheibriados
 18044 | Lair:5   | Reached skill level 5 in Dodging
 18162 | Lair:5   | Reached skill level 5 in Invocations
 18770 | Lair:6   | Entered Level 6 of the Lair of Beasts
 18776 | Lair:6   | Reached skill level 10 in Throwing
 18792 | Lair:6   | Learned a level 4 spell: Passage of Golubria
 18819 | Lair:6   | Found a frozen archway.
 18833 | IceCv    | Entered an ice cave
 18937 | IceCv    | Noticed a quicksilver ooze
 18947 | IceCv    | Killed a quicksilver ooze
 19216 | IceCv    | Noticed a quicksilver ooze
 19217 | IceCv    | Killed a quicksilver ooze
 19246 | IceCv    | Noticed a quicksilver ooze
 19256 | IceCv    | Killed a quicksilver ooze
 19352 | IceCv    | Found a viscous altar of Jiyva.
 19352 | IceCv    | Noticed an azure jelly
 19355 | IceCv    | Killed an azure jelly
 19355 | IceCv    | Noticed a quicksilver ooze
 19356 | IceCv    | Reached skill level 10 in Fighting
 19359 | IceCv    | Killed a quicksilver ooze
 19401 | IceCv    | Identified the +3 ice dragon scales of Joy {rF- rC++ Regen+
                  | rCorr Dex+7 Slay-4}
 19405 | IceCv    | Got the ring of Icebeol {Ice Dex+2}
 19407 | IceCv    | Got the ring of Hievaoru {rF+ rC+ Str+4 Dex-5}
 19538 | Lair:6   | Identified the +4 rapier of Annihilation {freeze, rC+ rN+
                  | Dex+2}
 19730 | Lair:6   | Found a runed translucent door.
 19768 | Lair:6   | Reached ****** piety under Cheibriados
 19824 | Lair:6   | Noticed ders's ghost (journeyman GrEE)
 20234 | Lair:6   | Reached XP level 15. HP: 128/149 MP: 18/18
 20586 | Lair:6   | Killed ders's ghost
 21227 | D:13     | Reached skill level 11 in Throwing
 21797 | D:14     | Found a gate to the Vaults.
 22093 | D:15     | Entered Level 15 of the Dungeon
 22249 | D:15     | Cast into level 2 of the Abyss (a wizard)
 22349 | D:15     | Escaped the Abyss
 22415 | D:15     | Found a staircase to the Depths.
 23290 | Orc:1    | Entered Level 1 of the Orcish Mines
 23369 | Orc:2    | Entered Level 2 of the Orcish Mines
 23369 | Orc:2    | Found a staircase to the Elven Halls.
 23449 | Orc:1    | Found Kedyt's Antique Weapon Boutique.
 23534 | Orc:1    | Noticed Snorg
 23541 | Orc:1    | Killed Snorg
 23738 | Orc:2    | Paralysed by an orc sorcerer for 7 turns
 23754 | Orc:2    | Paralysed by an orc sorcerer for 3 turns
 23941 | Orc:2    | Gained mutation: You tend to lose your temper in combat. [a
                  | neqoxec]
 23994 | Orc:2    | Found Wiabrido's Antique Armour Emporium.
 23994 | Orc:2    | Found Simnoca's Magic Scroll Shop.
 24130 | Orc:2    | Reached XP level 16. HP: 162/162 MP: 21/21
 24213 | Orc:2    | Found Yreh's Armour Emporium.
 24213 | Orc:2    | Found Hucyxtoa's Distillery.
 24264 | Orc:2    | Bought a potion of cancellation for 120 gold pieces
 24264 | Orc:2    | Bought a potion of curing for 45 gold pieces
 24264 | Orc:2    | Bought a potion of curing for 45 gold pieces
 24264 | Orc:2    | Bought a potion of curing for 45 gold pieces
 24264 | Orc:2    | Bought a potion of curing for 45 gold pieces
 24666 | Spider:1 | Entered Level 1 of the Spider Nest
 24695 | Spider:1 | Lost mutation: You tend to lose your temper in combat.
                  | [potion of mutation]
 24695 | Spider:1 | Gained mutation: Your spells are a little harder to cast,
                  | but a little more powerful. [potion of mutation]
 24695 | Spider:1 | Gained mutation: You have a pair of small horns on your
                  | head. [potion of mutation]
 24695 | Spider:1 | Gained mutation: You sometimes lose the ability to read
                  | scrolls when taking damage. [potion of mutation]
 24696 | Spider:1 | Lost mutation: You sometimes lose the ability to read
                  | scrolls when taking damage. [potion of mutation]
 24696 | Spider:1 | Lost mutation: Your spells are a little harder to cast, but
                  | a little more powerful. [potion of mutation]
 24696 | Spider:1 | Lost mutation: You have a pair of small horns on your head.
                  | [potion of mutation]
 24696 | Spider:1 | Gained mutation: Your mind is acute. (Int +2) [potion of
                  | mutation]
 24696 | Spider:1 | Lost mutation: Your mind is acute. (Int +2) [potion of
                  | mutation]
 24696 | Spider:1 | Gained mutation: You passively map a small area around you.
                  | [potion of mutation]
 25357 | Spider:1 | Reached skill level 12 in Throwing
 25649 | Spider:2 | Noticed Arachne
 25995 | Spider:2 | Killed Arachne
 26805 | Spider:3 | HP: 6/165 [something (5)]
 26806 | Spider:3 | Slain by a ghost moth

Illustrated notes

Levels and vault maps discovered:
D:1:      erik_arrival_blinker_ship, layout_basic
D:2:      layout_rooms, hellmonk_ecumenical_altar_slurped_away
D:3:      layout_basic, yredelemnul_forgotten_temple_becter
D:4:      layout_basic, nicolae_elyvilon_temple_path, uniq_menkaure,
          uniq_eustachio, uniq_natasha, uniq_crazy_yiuf_cottage
D:5:      layout_rooms, mainiacjoe_overflow_boulevard,
          nicolae_vehumet_altar_sigil, serial_shops,
          nicolae_shop_overgrown_old_shop, grunt_ministairs_15, uniq_ijyb
D:6:      layout_basic, nicolae_gozag_cash_rules_everything_around_me,
          minmay_temple_entry_statues_pillars, cheibrodos_sewer_entry_sluice,
          minmay_misc_feat_x, hangedman_abyss_or_decor_stagger,
          nicolae_grassy_gnolls, uniq_edmund
D:7:      layout_basic, led_xom_imps, serial_shops, nicolae_shop_stone,
          grunt_ministairs_13
D:8:      layout_rooms, uniq_pikel
D:9:      layout_big_octagon, mainiacjoe_overflow_cross_hatched,
          minmay_orc_entry_guard_dogs
D:10:     layout_long_grid
D:11:     layout_loops_ring, erik_lair_island, nicolae_two_hexagons,
          minmay_circle_x, uniq_urug
D:12:     layout_roguey, gammafunk_ghost_arena
D:13:     layout_gridville, nicolae_splish_splash
D:14:     layout_basic, david_vaults_2, nicolae_lava_and_water
D:15:     grunt_enter_depths_magical_seal, layout_basic,
          hangedman_decor_slide_cut
Temple:   regret_index_temple_generic_petals
Lair:1:   layout_chaotic_city, grunt_megastairs_4, infiniplex_staircase_pool_2
Lair:2:   layout_gridlike, special_room [special_room_bee], wad_woods_road_03,
          grunt_megastairs_3, serial_bayou_shore_a, lemuel_fruit_tree
Lair:3:   layout_long_grid, dummy_spider_entry, gammafunk_lair_bear_cave
Lair:4:   layout_regular_city, minmay_swamp_entry_worms, hibernation_bobbens,
          grunt_megastairs_2, lemuel_fruit_fields, uniq_kirke
Lair:5:   layout_cave_pods, minmay_slime_entry_oklob_enclosed,
          serial_bayou_shore_b, grunt_megastairs_5
Lair:6:   grunt_lair_end_beastmaster, layout_loops_ring, portal_ice_cave_rime,
          hellmonk_ghost_happy_afterlife
Spider:1: layout_spider_delve
Spider:2: layout_spider_delve, uniq_arachne
Spider:3: layout_spider_delve, spiders_nest_ghost_moth_duel
Orc:1:    layout_caves, serial_shops, nicolae_shop_stone, uniq_snorg
Orc:2:    st_orc_town, layout_caves

Skill      XL: |  1  2  3  4  5  6  7  8  9 10 11 12 13 14 15 16 |
---------------+-------------------------------------------------+-----
Throwing       | 1 2 3 4 5 7 8 9 10 11 12 | 12.3
Dodging        | 2 4 6 7 8 |  8.8
Fighting       | 2 3 4 5 6 7 8 9 10 11 | 11.8
Unarmed Combat | 3 4 5 6 7 8 10 11 | 11.0
Translocations | 3 4 5 6 7 |  7.0
Shields        | 3 7 8 |  8.0
Evocations     | 3 5 6 7 8 9 |  9.2
Invocations    | 2 4 6 8 9 |  9.3
Spellcasting   | |  1.2

Action                   |  1- 3 |  4- 6 |  7- 9 | 10-12 | 13-15 | 16-18 || total
-------------------------+-------+-------+-------+-------+-------+-------++-------
Melee: Unarmed           |   112 |   159 |   479 |   810 |  1180 |   293 ||  3033
       Punch             |       |       |    12 |     3 |       |       ||    15
Throw: Boomerang         |       |       |     4 |    59 |       |       ||    63
       Large rock        |       |       |       |    15 |    70 |    22 ||   107
       Javelin           |       |       |       |     3 |    25 |     2 ||    30
 Cast: Blink             |       |       |     2 |    16 |    27 |     3 ||    48
Invok: Slouch            |       |       |       |       |     7 |     8 ||    15
       Step From Time    |       |       |       |       |     1 |       ||     1
Evoke: Wand              |       |     3 |     7 |    29 |    11 |     2 ||    52
       Phantom mirror    |       |       |       |       |     1 |       ||     1
  Use: Scroll            |     2 |     4 |     9 |     7 |    13 |     5 ||    40
       Potion            |       |     1 |       |     4 |     9 |     4 ||    18
 Stab: Sleeping          |       |     1 |     1 |       |       |     1 ||     3
       Paralysed         |       |       |       |     4 |       |       ||     4
       Invisible         |       |       |       |       |     3 |       ||     3
       Distracted        |       |       |       |       |     1 |       ||     1
       Petrified         |       |       |       |       |     1 |       ||     1
Armor: Robe              |    46 |    85 |   146 |   104 |       |       ||   381
       Skin              |       |       |       |    17 |       |       ||    17
       Acid dragon scale |       |       |       |    92 |   190 |       ||   282
       Troll leather arm |       |       |       |       |   102 |   154 ||   256
Dodge: Dodged            |    74 |   109 |   220 |   405 |   895 |   263 ||  1966
Block: Kite shield       |       |       |       |   317 |   826 |   243 ||  1386

Table legend: (Time is in decaauts)
 A = Elapsed time spent in this place.
 B = Non-inter-level travel time spent in this place.
 C = Inter-level travel time spent in this place.
 D = Time resting spent in this place.
 E = Time spent auto-exploring this place.
 F = Levels seen in this place.
 G = Mean time per level.
                   A        B        C        D        E       F      G
               +--------+--------+--------+--------+--------+-----+--------+
         Total |  34725 |  31931 |   2794 |    348 |  24510 |  30 | 1157.5 |
       Dungeon |  16557 |  14862 |   1695 |    293 |  11040 |  15 | 1103.8 |
        Temple |    223 |    189 |     34 |      0 |    179 |   1 |  223.0 |
          Lair |  10598 |   9876 |    722 |      0 |   8176 |   6 | 1766.3 |
   Spider Nest |   3312 |   3045 |    267 |     55 |   2375 |   3 | 1104.0 |
  Orcish Mines |   2071 |   1997 |     74 |      0 |   1454 |   2 | 1035.5 |
         Abyss |    184 |    184 |      0 |      0 |    141 |   1 |  184.0 |
         Sewer |    865 |    865 |      0 |      0 |    583 |   1 |  865.0 |
      Ice Cave |    911 |    911 |      0 |      0 |    561 |   1 |  911.0 |
               +--------+--------+--------+--------+--------+-----+--------+

Top non-repeatable levels by time:
  Lair:2: 1986 daAuts
  Lair:6: 1897 daAuts
  Lair:3: 1851 daAuts
  Lair:4: 1847 daAuts
  Lair:5: 1770 daAuts
Spider:1: 1738 daAuts
    D:15: 1672 daAuts
    D:13: 1635 daAuts
   Orc:2: 1467 daAuts
    D:12: 1458 daAuts
     D:6: 1316 daAuts
     D:4: 1312 daAuts
  Lair:1: 1245 daAuts
Spider:2: 1199 daAuts
    D:10: 1180 daAuts
